 Dungeon Crawl Stone Soup version 0.31-a0-18-gea43df2a32 (webtiles) character file.

Game seed: 16310160064950346092

721 Jeffwins the Caller (level 7, -5/45 HPs)
             Began as an Octopode Summoner on May 12, 2023.
             Slain by an iguana (14 damage)
             ... on level 4 of the Dungeon.
             The game lasted 00:07:34 (5411 turns).

Jeffwins the Caller (Octopode Summoner)             Turns: 5411, Time: 00:07:34

Health: -5/45      AC:  1    Str:  7    XL:     7   Next: 71%
Magic:  10/12      EV: 14    Int: 25    God:
Gold:   217        SH:  5    Dex: 13    Spells: 5/13 levels left

rFire   . . .        b - +0 spear
rCold   . . .        (no shield)
rNeg    . . .        (helmet restricted)
rPois   .            k - amulet of reflection
rElec   .            R - ring of resist corrosion
rCorr   +            I - +6 ring of intelligence
SInv    .            (no ring)
Will    .....        (no ring)
Stlth   ++++         (no ring)
HPRegen 0.27/turn    (no ring)
MPRegen 0.13/turn    (no ring)
                     (no ring)

%: reflection
@: no status effects
A: almost no armour, amphibious, 8 rings, camouflage 1, gelatinous body 1,
(nimble swimmer 1), tentacles
a: no special abilities


You were on level 4 of the Dungeon.
You visited 2 branches of the dungeon, and saw 6 of its levels.

You collected 217 gold pieces.


Innate Abilities, Weirdness & Mutations

You cannot wear most types of armour.
You are amphibious.
You can wear up to eight rings at the same time.
Your skin changes colour to match your surroundings (Stealth+).
Your rubbery body absorbs attacks. (AC +1, EV +1)
((You are camouflaged when in or above water. (Stealth+)))
You have tentacles for arms and can constrict up to eight enemies at once.


   Skills:
 + Level 2.1 Fighting
 * Level 2.9 Polearms
 + Level 3.1 Dodging
 + Level 4.2 Stealth
 * Level 3.7 Spellcasting
 * Level 5.2 Summonings
 * Level 3.1 Fire Magic
 + Level 1.3 Evocations


You had 5 spell levels left.
You knew the following spells:

 Your Spells              Type           Power      Damage    Failure   Level
c - Call Canine Familiar  Summ           31%        N/A       3%          3
x - Call Imp              Summ           62%        N/A       1%          2
z - Scorch                Fire           40%        2d6       3%          2
X - Summon Small Mammal   Summ           100%       N/A       1%          1

Your spell library contained the following spells:

 Spells                   Type           Power      Damage    Failure   Level
 Apportation              Tloc           8%         N/A       10%         1
 Necrotise                Necr           16%        1d4       10%         1
 Summon Guardian Golem    Hex/Summ       17%        N/A       10%         3
 Volatile Blastmotes      Fire/Tloc      24%        2d12      14%         3
 Summon Lightning Spire   Summ/Air       17%        N/A       30%         4
 Leda's Liquefaction      Hex/Erth       2%         N/A       67%         4

Inventory:

Hand Weapons
 b - a +0 spear (weapon)
 l - a +0 halberd
 o - a +4 club
Missiles
 g - a throwing net {=f}
 t - 7 poisoned darts (quivered)
Magical Staves
 v - a staff of poison
Jewellery
 k - an amulet of reflection (around mantle)
 F - a ring of protection from fire
 I - a +6 ring of intelligence (right tentacle)
 R - a ring of resist corrosion (left tentacle)
Wands
 n - a wand of flame (14)
 u - a wand of polymorph (12)
Scrolls
 c - 2 scrolls of identify {unknown}
 f - a scroll of blinking {unknown}
 h - 3 scrolls of magic mapping {unknown}
 m - a scroll of poison {unknown}
 q - a scroll of amnesia {unknown}
 r - a scroll of brand weapon {unknown}
 x - a scroll of enchant armour {unknown}
 y - a scroll of teleportation {unknown}
Potions
 a - a potion of magic
 d - 2 potions of haste {unknown}
 e - 3 potions of heal wounds {unknown}
 i - a potion of invisibility {unknown}
 j - 3 potions of curing {unknown}
 p - a potion of berserk rage {unknown}
 s - a potion of flight {unknown}
 w - a potion of brilliance {unknown}
 z - a potion of lignification {unknown}

Dungeon Overview and Level Annotations

Branches:
Dungeon (5/15)             Temple (1/1) D:4

Altars:
Ashenzari
Cheibriados
Dithmenos
Elyvilon
Fedhas
Hepliaklqana
Kikubaaqudgha
Makhleb
Nemelex Xobeh
Okawaru
Qazlal
Ru
Sif Muna
Trog
Vehumet
Wu Jian
Xom
Yredelemnul
The Shining One

.......# #............#
###....########.#####..###.#
##.........##..........# #.#
#..#.####.##.#.######.# #.#
#..#.# #5##.#.# #.# #.#
##..#.# #.##.#.# #.# #.#
##..#.####.##.#.# #5# #.#
.#..............######.###.#
..............hl@......>...#
.#.........##.o#############
##.........##..#
##..........#.l#
#...)>.....##.#
#.....)....##o#
#......[.h###.#
#.#......oo[o.#
#.###...#####)#


You could see an iguana, a hound and an orc.


Message History

The orc hits you with a +0 hand axe! The hound barely misses you.
The hound bites you.
* * * LOW HITPOINT WARNING * * *
The hound bites you.
* * * LOW HITPOINT WARNING * * *
Things that are here:
3 stones; a +0 ring mail; a +0 club The hound attacks as you move away!
The hound barely misses you.
Items here: )) [[.
Casting: Scorch (safe; 3% risk of failure)
Confirm with . or Enter, or press ? or * to list all spells.
The iguana bites you!
* * * LOW HITPOINT WARNING * * *
Unknown command.
Okay, then.
Unknown command.
Your wolf bites the iguana.
The iguana bites your wolf!
Your wolf bites the iguana.
Unknown command.
Your wolf completely misses the iguana.
The iguana bites your wolf!
Your wolf bites the iguana!
Something bites your wolf.
Your wolf dies!
Your wolf's corpse disappears in a puff of smoke!
The iguana hisses menacingly.
The hound barks!
There is a stone staircase leading up here.
There is a stone staircase leading up here.
The iguana bites you!
You die...

Skill      XL: |  1  2  3  4  5  6  7 |
---------------+----------------------+-----
Polearms       | 1 2 |  2.9
Stealth        | 3 4 |  4.2
Fire Magic     | 1 2 3 |  3.1
Fighting       | 1 2 |  2.1
Spellcasting   | 3 |  3.7
Summonings     | 5 |  5.2
Evocations     | 1 |  1.3
Dodging        | 3 |  3.1

Action                     |  1- 3 |  4- 6 |  7- 9 || total
---------------------------+-------+-------+-------++-------
  Melee: Unarmed           |    34 |       |       ||    34
         Constrict         |    17 |    21 |     3 ||    41
         Tentacles         |    11 |    15 |     3 ||    29
         Punch             |     2 |     2 |       ||     4
         Spear             |    29 |   100 |    26 ||   155
  Throw: Dart              |       |       |     6 ||     6
   Cast: Summon Small Mamm |     4 |       |       ||     4
         Call Imp          |     3 |     4 |     3 ||    10
         Scorch            |     3 |    61 |    20 ||    84
         Call Canine Famil |       |     4 |     5 ||     9
   Stab: Sleeping          |     4 |     8 |     3 ||    15
 Armour: Skin              |    11 |     4 |       ||    15
  Dodge: Dodged            |    40 |    27 |    28 ||    95
  Block: Other             |       |     9 |     7 ||    16
         Reflection        |       |       |     1 ||     1

Levels and vault maps discovered:
D:1:      dpeg_arrival_another_circle, layout_basic, basic_ecumenical_altar,
          hangedman_decor_opposing
D:2:      layout_basic, serial_bayou_pond_e, uniq_jessica
D:3:      layout_loops_corners, st_stairs_3, uniq_crazy_yiuf_cottage,
          uniq_robin, uniq_ijyb
D:4:      layout_loops_ring, lemuel_temple_firewalk_a,
          chequers_serial_rivers_micro_d
D:5:      cheibrodos_fertilizer, layout_rooms, serial_demonic, serial_demonic_a,
          serial_demonic_f, serial_demonic_a, serial_demonic_g,
          serial_demonic_f, serial_demonic_c
Temple:   hellmonk_temple_divided_pantheon

Notes
Turn   | Place    | Note
-------+----------+-------------------------------------------
     0 | D:1      | Jeffwins the Octopode Summoner began the quest for the Orb.
     0 | D:1      | Reached XP level 1. HP: 11/11 MP: 3/3
   127 | D:1      | Reached XP level 2. HP: 16/17 MP: 3/5
   149 | D:1      | Got the Incunabulum of the Pill Bug
   153 | D:1      | Learned a level 2 spell: Scorch
   156 | D:1      | Learned a level 2 spell: Call Imp
   476 | D:1      | Reached XP level 3. HP: 5/22 MP: 1/6
   588 | D:1      | Found a faded altar of an unknown god.
   970 | D:2      | Noticed Jessica
   976 | D:2      | Killed Jessica
   977 | D:2      | Reached skill level 1 in Polearms
   977 | D:2      | Reached skill level 3 in Stealth
   977 | D:2      | Reached skill level 1 in Fire Magic
   977 | D:2      | Reached XP level 4. HP: 25/27 MP: 4/7
  1321 | D:2      | Reached skill level 1 in Fighting
  1666 | D:2      | Reached XP level 5. HP: 33/33 MP: 4/9
  1876 | D:3      | Learned a level 3 spell: Call Canine Familiar
  1945 | D:3      | Noticed Robin
  1954 | D:3      | Killed Robin
  2709 | D:3      | Reached skill level 2 in Fire Magic
  2772 | D:3      | Found a runed translucent door.
  2773 | D:3      | Noticed Crazy Yiuf
  3114 | D:3      | Noticed Ijyb
  3123 | D:3      | Killed Ijyb
  3124 | D:3      | Reached skill level 3 in Spellcasting
  3194 | D:3      | Reached XP level 6. HP: 38/38 MP: 10/10
  3423 | D:3      | Killed Crazy Yiuf
  3529 | D:4      | Reached skill level 2 in Polearms
  3914 | D:4      | Found a staircase to the Ecumenical Temple.
  3932 | Temple   | Entered the Ecumenical Temple
  3932 | Temple   | Found a transporter.
  3932 | Temple   | Found a transporter.
  3934 | Temple   | Found a transporter.
  3934 | Temple   | Found a transporter.
  4279 | D:4      | Reached skill level 5 in Summonings
  4296 | D:4      | Reached XP level 7. HP: 26/44 MP: 1/12
  4302 | D:4      | Reached skill level 1 in Evocations
  4593 | D:4      | Reached skill level 4 in Stealth
  4599 | D:4      | Reached skill level 2 in Fighting
  4599 | D:4      | Reached skill level 3 in Dodging
  4701 | D:4      | Reached skill level 3 in Fire Magic
  5162 | D:5      | Entered Level 5 of the Dungeon
  5411 | D:4      | Slain by an iguana

Vanquished Creatures
  A scorpion (D:4)
  2 hounds (D:4)
  3 orc priests
  Crazy Yiuf (D:3)
  Jessica (D:2)
  Ijyb (D:3)
  4 iguanas (D:4)
  2 orc wizards (D:4)
  Robin (D:3)
  5 gnolls
  3 adders (D:3)
  2 worms
  A dart slug (D:3)
  6 orcs (D:4)
  7 endoplasms
  8 giant cockroaches
  12 goblins
  8 hobgoblins
  2 jackals (D:1)
  10 kobolds
  A quokka (D:3)
  3 ball pythons
  7 bats
  4 frilled lizards
  4 rats
99 creatures vanquished.

Vanquished Creatures (collateral kills)
  2 orc wizards (D:4)
  3 gnolls
  An orc (D:4)
  9 goblins
  A hobgoblin (D:1)
  2 jackals (D:1)
  A bat (D:2)
19 creatures vanquished.

Vanquished Creatures (others)
  A hobgoblin (D:4)
1 creature vanquished.

Grand Total: 119 creatures vanquished

Table legend: (Time is in decaauts)
 A = Elapsed time spent in this place.
 B = Non-inter-level travel time spent in this place.
 C = Inter-level travel time spent in this place.
 D = Time resting spent in this place.
 E = Time spent auto-exploring this place.
 F = Levels seen in this place.
 G = Mean time per level.
                   A        B        C        D        E       F      G
               +--------+--------+--------+--------+--------+-----+--------+
         Total |   5415 |   5188 |    227 |    475 |   3754 |   6 |  902.5 |
       Dungeon |   5344 |   5146 |    198 |    475 |   3740 |   5 | 1068.8 |
        Temple |     70 |     41 |     29 |      0 |     14 |   1 |   70.0 |
               +--------+--------+--------+--------+--------+-----+--------+

Top non-repeatable levels by time:
     D:3: 1885 daAuts
     D:4: 1581 daAuts
     D:1: 969 daAuts
     D:2: 898 daAuts
  Temple: 70 daAuts
     D:5: 8 daAuts

Table legend:
 A = Non-vault XP
 B = Vault XP
 C = Vault XP percentage of total XP
 D = Non-vault monster count
 E = Vault monster count
 F = Vault count percentage of total count
                 A         B        C        D         E       F
            +---------+---------+-------+---------+---------+-------
      Total |     877 |     154 |  14.9 |     101 |      17 |  14.4
            +---------+---------+-------+---------+---------+-------
        D:1 |      45 |       0 |   0.0 |      26 |       0 |   0.0
        D:2 |      84 |      37 |  30.6 |      18 |       1 |   5.3
        D:3 |     119 |     117 |  49.6 |      24 |      16 |  40.0
        D:4 |     629 |       0 |   0.0 |      33 |       0 |   0.0
            +---------+---------+-------+---------+---------+-------
